 Dungeon Crawl Stone Soup version 0.28.0 (webtiles) character file.

Game seed: 14536752994522870465

18 crazypyro the Ogre Mage (level 2, -1/27 HPs)
             Began as an Ogre Wanderer on Feb 16, 2022.
             Slain by a jackal (2 damage)
             ... on level 1 of the Dungeon.
             The game lasted 00:01:02 (678 turns).

crazypyro the Ogre Mage (Ogre Wanderer)              Turns: 678, Time: 00:01:02

Health: -1/27      AC:  4    Str: 14    XL:     2   Next: 70%
Magic:  7/7        EV:  9    Int: 13    God:
Gold:   18         SH:  0    Dex:  9    Spells: 9/10 levels left

rFire   . . .      SeeInvis .   a - +0 trident
rCold   . . .      Faith    .   (no shield)
rNeg    . . .      Spirit   .   c - +0 robe
rPois   .          Reflect  .   (helmet restricted)
rElec   .          Harm     .   b - +0 cloak
rCorr   .          Rampage  .   (gloves unavailable)
Will    .....                   (boots unavailable)
Stlth   +.........              (no amulet)
HPRegen 0.09/turn               (no ring)
MPRegen 0.10/turn               (no ring)

@: no status effects
A: large, unfitting armour, tough skin 1
a: no special abilities


You were on level 1 of the Dungeon.
You visited 1 branch of the dungeon, and saw 1 of its levels.

You collected 18 gold pieces.

Inventory:

Hand Weapons
 a - a +0 trident (weapon)
Armour
 b - a +0 cloak (worn)
 c - a +0 robe (worn)
Potions
 f - a potion of might


   Skills:
 * Level 1.3 Fighting
 + Level 3.1 Polearms
 - Level 1.4 Stealth
 - Level 4.8 Spellcasting
 * Level 0.7 Conjurations
 + Level 1.2 Evocations


You had 9 spell levels left.
You knew the following spells:

 Your Spells              Type           Power      Damage    Failure   Level
a - Magic Dart            Conj           20%        1d4       14%         1

Your spell library contained the following spells:

 Spells                   Type           Power      Damage    Failure   Level
 Dazzling Flash           Conj/Hex       8%         N/A       43%         3


Dungeon Overview and Level Annotations

Branches:
Dungeon (1/15)

Altars:


Innate Abilities, Weirdness & Mutations

You are too large for most types of armour.
You have tough skin. (AC +1)


Message History

The jackal bites you but does no damage.
You completely miss the jackal.
The jackal is heavily wounded.
The jackal bites you.
* * * LOW HITPOINT WARNING * * *
The jackal bites you.
* * * LOW HITPOINT WARNING * * *
You barely miss the jackal.
The jackal is heavily wounded.
The jackal barely misses you.
The jackal bites you but does no damage.
It was a potion of magic.
Magic courses through your body.
The jackal bites you but does no damage.
It was a potion of cancellation.
Your magical effects are unravelling.
You feel magically purged.
You feel a little less mighty now.
The jackal bites you but does no damage.
The jackal barely misses you.
You hit the jackal but do no damage.
The jackal is heavily wounded.
The jackal bites you but does no damage.
You barely miss the jackal.
The jackal is heavily wounded.
The jackal bites you but does no damage.
The jackal bites you.
* * * LOW HITPOINT WARNING * * *
You closely miss the jackal.
The jackal is heavily wounded.
The jackal barely misses you.
You barely miss the jackal.
The jackal is heavily wounded.
The jackal barely misses you.
The jackal bites you but does no damage.
You hit the jackal.
You kill the jackal!
You barely miss the jackal.
The jackal bites you but does no damage.
The jackal bites you.
You die...

############### #.............#
#@###########.# #h###########'###
########h#....#........#
........g#....#........#
#######..#....#...†....# .... ###
#..#....##'######## #.#... #.#
#..#....##.# #.
#.#...####.####..#....##.####.##.
.................#............##.


You could see a gnoll and 2 jackals.

Vanquished Creatures
  2 dart slugs (D:1)
  A bat (D:1)
  An endoplasm (D:1)
  2 hobgoblins (D:1)
  2 jackals (D:1)
  2 ball pythons (D:1)
  2 frilled lizards (D:1)
  2 rats (D:1)
14 creatures vanquished.

Notes
Turn   | Place    | Note
-------+----------+-------------------------------------------
     0 | D:1      | crazypyro the Ogre Wanderer began the quest for the Orb.
     0 | D:1      | crazypyro set off with the following items: a +0 trident, a
                  | +0 cloak, a +0 robe; and the following spell memorised:
                  | Magic Dart; and the following spells available to memorise:
                  | Dazzling Flash
     0 | D:1      | Reached XP level 1. HP: 16/16 MP: 6/6
   273 | D:1      | Reached skill level 1 in Fighting
   273 | D:1      | Reached XP level 2. HP: 27/27 MP: 4/7
   674 | D:1      | HP: 1/27 [jackal (2)]
   678 | D:1      | Slain by a jackal

Illustrated notes

Levels and vault maps discovered:
D:1:      ncdulo_wetmaze, layout_basic, nrook_mini_backslash,
          minmay_misc_feat_rugged, minivault_25, hangedman_decor_growths

Skill      XL: |  1 |
---------------+----+-----
Fighting       | 1 |  1.3
Polearms       | |  3.1
Stealth        | |  1.4
Spellcasting   | |  4.8
Conjurations   | |  0.7
Evocations     | |  1.2

Action                   || total
-------------------------++-------
Melee: Trident           ||    52
 Cast: Magic Dart        ||     6
  Use: Potion            ||     3
       Scroll            ||     1
 Stab: Sleeping          ||     2
Armor: Robe              ||    36
Dodge: Dodged            ||    31
